 Dungeon Crawl Stone Soup version 0.21.1-1-g345015f (webtiles) character file.

3178 Mirai the Cleaver (level 9, -1/80 HPs)
             Began as a Minotaur Fighter on Mar 21, 2018.
             Was a Believer of Okawaru.
             Killed from afar by an electric eel (6 damage)
             ... with a bolt of electricity
             ... on level 8 of the Dungeon.
             The game lasted 00:16:23 (5240 turns).

Mirai the Cleaver (Minotaur Fighter)                Turns: 5240, Time: 00:16:24

Health: -1/80      AC: 12    Str: 32    XL:     9   Next: 63%
Magic:  9/9        EV:  8    Int:  5    God:    Okawaru [**....]
Gold:   113        SH: 11    Dex: 10    Spells: 8/8 levels left

rFire    . . .     SeeInvis .   a - +0 war axe
rCold    . . .     Gourm    .   c - +0 shield
rNeg     . . .     Faith    .   p - +0 chain mail
rPois    .         Spirit   .   (helmet restricted)
rElec    .         Reflect  .   (no cloak)
rCorr    .         Harm     .   I - +0 pair of gloves {Str+3}
MR       .....                  (no boots)
Stlth    ..........             (no amulet)
HPRegen  0.23/turn              (no ring)
MPRegen  0.11/turn              (no ring)

@: mighty, lethally poisoned (-1 -> -2)
A: retaliatory headbutt, horns 2
a: Heroism, Renounce Religion


You were on level 8 of the Dungeon.
You worshipped Okawaru.
Okawaru was pleased with you.
You were not hungry.

You visited 2 branches of the dungeon, and saw 9 of its levels.

You collected 274 gold pieces.
You spent 161 gold pieces at shops.

Inventory:

Hand Weapons
 a - a +0 war axe (weapon)
 C - a +0 war axe
 H - a +0 club
Armour
 b - a +0 scale mail
 c - a +0 shield (worn)
 d - a +0 buckler
 l - a +0 pair of gloves
 p - a +0 chain mail (worn)
 x - a +0 pair of gloves
 E - a +0 large shield
 F - a +0 chain mail
 I - a +0 pair of gloves of strength (worn)
Wands
 u - a wand of iceblast (7)
 z - a wand of polymorph (10)
 G - a wand of acid (13)
Scrolls
 g - 8 scrolls of identify {unknown}
 h - 4 scrolls of fear {unknown}
 i - 6 scrolls of teleportation {unknown}
 j - a scroll of enchant armour {unknown}
 n - 2 scrolls of remove curse {unknown}
 o - a scroll of immolation {unknown}
 s - a scroll of amnesia {unknown}
 v - a scroll of acquirement {unknown}
 y - a scroll of enchant weapon {unknown}
 A - a scroll of magic mapping {unknown}
 B - a scroll of noise {unknown}
Potions
 e - 4 potions of haste {unknown}
 k - 2 potions of flight {unknown}
 m - a potion of brilliance {unknown}
 q - a potion of invisibility {unknown}
 t - a potion of heal wounds {unknown}
 w - a potion of might
Books
 r - a book of Misfortune

   Spells                             Type                      Level
   a - Confusing Touch                Hexes                        1
   b - Confuse                        Hexes                        3
   c - Gell's Gravitas                Translocation                3
   d - Petrify                        Transmutation/Earth          4
   e - Metabolic Englaciation         Hexes/Ice                    5
   f - Yara's Violent Unravelling     Hexes/Transmutation          5
Comestibles
 f - 12 rations


   Skills:
 * Level 7.6 Fighting
 + Level 11.1 Axes
 + Level 8.2 Armour
 + Level 3.5 Dodging
 - Level 0.5 Stealth
 - Level 5.0 Shields
 * Level 2.6 Invocations


You had 8 spell levels left.
You didn't know any spells.

Dungeon Overview and Level Annotations

Branches:
Dungeon (8/15)             Temple (1/1) D:6
   Lair: D:8-11

Altars:
Ashenzari
Dithmenos
Gozag
Hepliaklqana
Makhleb
Okawaru
Ru

Shops:
D:6 [   D:7 (*[=


Innate Abilities, Weirdness & Mutations

You reflexively headbutt those who attack you in melee.
You have a pair of horns on your head.


Message History

You feel sick.
An electric eel comes into view.
An electric eel is nearby!
You feel sick.
You enter the shallow water.
Moving in this stuff is going to be slow.
You feel sick.
Found 4 gold pieces.
You enter the shallow water.
Moving in this stuff is going to be slow.
You feel sick. Why would you want to do that?
The electric eel shoots out a bolt of lightning at you!
The bolt of electricity misses you.
The electric eel shoots out a bolt of lightning at you!
The bolt of electricity hits you!
* * * LOW HITPOINT WARNING * * *
The electric eel shoots out a bolt of lightning at you!
The bolt of electricity hits you!
You die...

#######
#########.....#
#.............#
#....#≈##.....###.
#..≈##≈≈###....##.
#..#≈;#≈≈≈≈.....#.
#.≈#≈≈≈≈#≈##....#.
#.≈≈#≈≈≈≈≈≈#.<..#.
#@#≈≈≈≈≈≈≈≈≈....#.
#.##≈≈#≈#≈##....#.
#$. ≈≈≈≈≈ #.......
#..#≈#≈≈≈##....##.
#... ####.......#.
#.... .........##
###.# .........#
.. ..........
..........


You could see an electric eel.

Vanquished Creatures
  The ghost of Solrac the Shield-Bearer, a novice FoFi of the Shining One (D:4)
  A hippogriff (D:7)
  Eustachio (D:5)
  A hungry ghost (D:8)
  A water moccasin (D:7)
  A sky beast (D:7)
  An ice beast (D:5)
  A black bear (D:7)
  3 centaurs
  8 ogres
  A big kobold (D:6)
  2 bullfrogs
  4 killer bees (D:8)
  A howler monkey (D:3)
  A crimson imp (D:8)
  A bullfrog zombie (D:5)
  A centaur zombie (D:6)
  A hound (D:7)
  A quasit (D:6)
  2 jellies (D:5)
  2 centaur skeletons
  A gnoll shaman (D:7)
  3 iguanas
  3 worker ants
  4 gnolls (D:7)
  13 adders
  2 shadow imps (D:7)
  2 oozes
  2 adder zombies
  2 worms (D:2)
  4 dart slugs
  7 leopard geckos
  8 orcs
  7 bats
  2 giant cockroaches
  8 goblins
  5 hobgoblins (D:2)
  4 jackals (D:1)
  A quokka (D:5)
  3 ball pythons
  3 frilled lizards
  24 kobolds
  A quokka skeleton (D:6)
  6 rats
  A plant (D:6)
152 creatures vanquished.

Notes
Turn   | Place    | Note
-------+----------+-------------------------------------------
     0 | D:1      | Mirai the Minotaur Fighter began the quest for the Orb.
     0 | D:1      | Reached XP level 1. HP: 19/19 MP: 0/0
   133 | D:1      | Reached XP level 2. HP: 26/27 MP: 1/1
   671 | D:2      | Reached skill level 3 in Axes
   671 | D:2      | Reached XP level 3. HP: 2/33 MP: 2/2
   834 | D:2      | Reached skill level 1 in Dodging
   971 | D:2      | Reached XP level 4. HP: 40/40 MP: 3/3
  1489 | D:3      | Reached XP level 5. HP: 46/46 MP: 4/4
  1500 | D:3      | Reached skill level 4 in Axes
  1660 | D:3      | Reached skill level 5 in Armour
  2051 | D:4      | Noticed an ogre
  2056 | D:4      | Killed an ogre
  2056 | D:4      | Reached skill level 5 in Axes
  2056 | D:4      | Reached XP level 6. HP: 53/53 MP: 5/5
  2062 | D:4      | Reached skill level 5 in Shields
  2067 | D:4      | Noticed Solrac's ghost (novice FoFi)
  2251 | D:4      | Killed Solrac's ghost
  2251 | D:4      | Reached skill level 6 in Axes
  2251 | D:4      | Reached XP level 7. HP: 32/60 MP: 6/6
  2279 | D:4      | Reached skill level 7 in Axes
  2377 | D:4      | Reached skill level 5 in Fighting
  2546 | D:4      | Found a shadowy altar of Dithmenos.
  2546 | D:4      | Found a burning altar of Makhleb.
  2586 | D:5      | Entered Level 5 of the Dungeon
  2755 | D:5      | Reached skill level 8 in Axes
  2755 | D:5      | Reached XP level 8. HP: 42/68 MP: 7/7
  2967 | D:5      | Noticed Eustachio
  2969 | D:5      | Reached skill level 9 in Axes
  3011 | D:5      | Killed Eustachio
  3539 | D:6      | Found Lyshri's Armour Shop.
  3743 | D:6      | Found a hazy altar of Hepliaklqana.
  3757 | D:6      | Found a staircase to the Ecumenical Temple.
  3789 | Temple   | Entered the Ecumenical Temple
  3813 | Temple   | Became a worshipper of Warmaster Okawaru
  4276 | D:7      | Found Binlius's Weapon Shoppe.
  4313 | D:7      | Reached skill level 10 in Axes
  4443 | D:7      | Found Enifagh's Serpentskin Sales.
  4450 | D:7      | Reached XP level 9. HP: 71/78 MP: 8/8
  4501 | D:7      | Found Ganoor's Jewellery Shop.
  4505 | D:7      | Got a brightly glowing helmet
  4520 | D:7      | Reached * piety under Okawaru
  4689 | D:7      | Reached skill level 1 in Invocations
  4977 | D:7      | Found Burhehi's Armour Emporium.
  4985 | D:7      | Bought a +0 pair of gloves of strength for 161 gold pieces
  5213 | D:8      | Reached skill level 11 in Axes
  5214 | D:8      | Reached ** piety under Okawaru
  5240 | D:8      | Killed from afar by an electric eel

Skill      XL: |  1  2  3  4  5  6  7  8  9 |
---------------+----------------------------+-----
Armour         | 4 5 6 7 8 |  8.2
Fighting       | 4 5 6 7 |  7.6
Shields        | 4 5 |  5.0
Axes           | 3 5 6 8 10 11 | 11.1
Dodging        | 1 2 3 |  3.5
Invocations    | 2 |  2.6
Stealth        | |  0.5

Action                   |  1- 3 |  4- 6 |  7- 9 || total
-------------------------+-------+-------+-------++-------
Melee: War axe           |    69 |    74 |   250 ||   393
       Headbutt          |    10 |    18 |    53 ||    81
  Use: Potion            |     1 |       |     1 ||     2
  Eat: Chunk             |       |     4 |    10 ||    14
       Ration            |       |       |     1 ||     1
Armor: Scale mail        |    30 |    29 |       ||    59
       Chain mail        |       |     3 |   186 ||   189
Dodge: Dodged            |    30 |    41 |    86 ||   157
Block: Shield            |    42 |    39 |   154 ||   235
